[Event "Panevezys ELITE Open 2021"]
[Site "Panevezys, Lithuania"]
[Date "2021.08.01"]
[Round "4.1"]
[White "Milovs, Daniels"]
[Black "Kazakouski, Valery"]
[Result "0-1"]
[WhiteElo "1743"]
[BlackElo "2499"]
[PlyCount "86"]
[EventDate "2021.??.??"]
[TimeControl "90/40+30:0"]
[WhiteClock "0:26:19"]
[BlackClock "0:03:19"]

1. e4 e5 2. Nf3 Nc6 3. Bc4 Nf6 4. d3 Be7 5. c3 O-O 6. O-O d6 7. h3 Na5 8.
Bb5 a6 9. Ba4 b5 10. Bc2 c5 11. d4 Qc7 12. d5 Bd7 13. Re1 c4 14. Nbd2 Nb7 15. Nf1 Nc5 16. Ng3 Rfb8 17. Nh2 b4 18. f4 a5 19. f5 bxc3 20. bxc3 Nb3 21. axb3 cxb3 22. Bxb3 Qb6+ 23. Kh1 Qxb3 24. Qf3 Rc8 25. Ra3 Qc2 26. Bg5 h6 27. Bxf6 Bxf6 28. Nh5 Kf8 29. Nxf6 gxf6 30. Qe3 h5 31. Qh6+ Ke7 32. Qxh5 Rxc3 33. Rxc3 Qxc3 34. Rg1 Qe3 35. Qh4 Qg5 36. Qe1 a4 37. Nf3 Qf4 38. Qb4 a3 39. Ra1 Ra4 40.
Qb3 Qxe4 41. Rxa3 Rxa3 42. Qxa3 Qxd5 43. Qa7 Qe4 0-1

[Event "Panevezys ELITE Open 2021"]
[Site "Panevezys, Lithuania"]
[Date "2021.08.01"]
[Round "4.2"]
[White "Sulskis, Sarunas"]
[Black "Sedykh, Stakhey"]
[Result "1/2-1/2"]
[WhiteElo "2523"]
[BlackElo "1418"]
[PlyCount "44"]
[EventDate "2021.??.??"]
[TimeControl "90/40+30:0"]
[WhiteClock "0:03:55"]
[BlackClock "0:31:49"]

1. e4 e5 2. Nf3 Nc6 3. Bc4 Bc5 4. c3 Nf6 5. d4 exd4 6. b4 Bb6 7. O-O d5 8.
exd5 Nxd5 9. Ng5 O-O 10. Nxh7 Kxh7 11. Qh5+ Kg8 12. Bxd5 Qd6 13.
Be4 f5 14. Bf4 Qf6 15. Bd5+ Be6 16. Bxe6+ Qxe6 17. a4 dxc3 18.
Nxc3 Nxb4 19. Qf3 Qc6 20. Qxc6 Nxc6 21. Nd5 Rf7 22. Rfd1 Rd8 1/2-1/2

[Event "Panevezys ELITE Open 2021"]
[Site "Panevezys, Lithuania"]
[Date "2021.08.01"]
[Round "4.3"]
[White "Butvilas, Aistis"]
[Black "Brazdzionis, Andrius"]
[Result "0-1"]
[WhiteElo "2088"]
[BlackElo "2321"]
[PlyCount "82"]
[EventDate "2021.??.??"]
[TimeControl "90/40+30:0"]
[WhiteClock "0:53:44"]
[BlackClock "0:47:33"]

1. d4 Nf6 2. c4 e6 3. Nc3 Bb4 4. e3 O-O 5. Nge2 c6 6. a3 Ba5 7. Ng3 d5 8. Bd3 dxc4 9. Bxc4 Nbd7 10. O-O e5 11. Bb3 Bc7 12. Bc2 Nb6 13. Qd3 Be6 14. Rd1 g6 15. dxe5 Qxd3 16. Rxd3 Bxe5 17. f4 Bc7 18. e4 Rfd8 19. Rxd8+ Rxd8 20. b3 Nc8 21. h3 Bb6+ 22. Kh2 Ne7 23. f5 Bd4 24. fxe6 Bxc3 25. exf7+ Kxf7 26. Rb1 Be5 27. Bb2 Bxb2 28.
Rxb2 Ke6 29. Ne2 Rd2 30. Ng1 Nxe4 31. Nf3 Rf2 32. Kg1 Kf6 33. h4 h6 34. Nh2 h5 35. Nf3 Nd5 36. Ng5 Ndc3 37. b4 b5 38. Nf3 Ne2+ 39. Kh2 Nf4 40. Nd4 Rxg2+ 41. Kh1 Ng3# 0-1

[Event "Panevezys ELITE Open 2021"]
[Site "Panevezys, Lithuania"]
[Date "2021.08.01"]
[Round "4.4"]
[White "Greicius, Pijus"]
[Black "Kalvaitis, Sigitas"]
[Result "1/2-1/2"]
[WhiteElo "1902"]
[BlackElo "2164"]
[PlyCount "34"]
[EventDate "2021.??.??"]
[TimeControl "90/40+30:0"]
[WhiteClock "1:02:39"]
[BlackClock "1:04:40"]

1. d4 Nf6 2. c4 e6 3. Nc3 Bb4 4. f3 d5 5. a3 Bxc3+ 6. bxc3 c5 7. cxd5 Nxd5 8.
dxc5 f5 9. Qc2 Qa5 10. e4 fxe4 11. fxe4 Qxc3+ 12. Qxc3 Nxc3 13. Bb2 Nxe4 14. Bxg7 Rg8 15. Bd4 Nc6 16. Be3 Bd7 17. Nf3 O-O-O 1/2-1/2

[Event "Panevezys ELITE Open 2021"]
[Site "Panevezys, Lithuania"]
[Date "2021.08.01"]
[Round "4.6"]
[White "Juksta, Karolis"]
[Black "Bagvilas, Lukas"]
[Result "0-1"]
[WhiteElo "2438"]
[BlackElo "2000"]
[PlyCount "88"]
[EventDate "2021.??.??"]
[TimeControl "90/40+30:0"]
[WhiteClock "0:02:06"]
[BlackClock "0:22:26"]

1. d4 d5 2. c4 dxc4 3. e3 Nf6 4. Bxc4 e6 5. Nf3 a6 6. O-O b5 7. Bd3 Bb7 8.
a4 b4 9. Nbd2 Nbd7 10. e4 c5 11. e5 Nd5 12. Ne4 Qc7 13. dxc5 Nxc5 14. Nxc5 Bxc5 15. Bd2 h6 16. Rc1 Rc8 17. Qe2 Qa5 18. Rc4 Qb6 19. Rfc1 Ke7 20.
h4 Rhd8 21. h5 a5 22. Rg4 Kf8 23. Bc4 Ne7 24. Be1 Nf5 25. Kh2 Qc7 26. b3 Bxf3 27. Qxf3 Qxe5+ 28. Kg1 Nd4 29. Qg3 Qxg3 30. Rxg3 Bd6 31. Rb1 Bxg3 32. fxg3 e5 33. Bf2 Rc6 34. Rf1 f6 35. g4 Rdc8 36. Be3 Rxc4 37. bxc4 Rxc4 38. g5 hxg5 39. Bxg5 Ke7 40. Be3 b3 41. Rb1 Rb4 42.
Kf2 Ke6 43. g4 Kd5 44. g5 fxg5 0-1

[Event "Panevezys ELITE Open 2021"]
[Site "Panevezys, Lithuania"]
[Date "2021.08.01"]
[Round "4.7"]
[White "Stremavicius, Pijus"]
[Black "Steponavicius, Stasys"]
[Result "0-1"]
[WhiteElo "2146"]
[BlackElo "2209"]
[PlyCount "92"]
[EventDate "2021.??.??"]
[TimeControl "90/40+30:0"]
[WhiteClock "1:12:38"]
[BlackClock "0:28:31"]

1. e4 c5 2. Nf3 Nc6 3. Bb5 e6 4. O-O Nge7 5. d4 cxd4 6. Nxd4 Qb6 7. Nxc6 bxc6 8. Bd3 Ng6 9. c4 e5 10. Nc3 d6 11. Rb1 Be7 12. Be3 Qc7 13.
b4 O-O 14. b5 Be6 15. bxc6 Qxc6 16. Nd5 f5 17. exf5 Bxf5 18. Bxf5 Rxf5 19. Qg4 Rf7 20. Qe6 Bf8 21. g3 Re8 22. Qg4 e4 23. Rfc1 Ne5 24. Qe2 Qc8 25. Kg2 Qf5 26. h3 Rc8 27. g4 Qd7 28. Bf4 Nd3 29. Qxe4 Nxc1 30. Rxc1 Re8 31. Qd3 Qe6 32. Bg3 Qe2 33. Qxe2 Rxe2 34. a3 Rb7 35. Rc3 Reb2 36. Re3 R2b3 37. Re8 Rb8 38. Re6 Kf7 39. Re4 Rc8 40.
a4 Ra3 41. Rf4+ Kg8 42. c5 dxc5 43. Rc4 Rd3 44. Ne3 Rd4 45. Kf3 Re8 46. a5 Rxe3+ 0-1

[Event "Panevezys ELITE Open 2021"]
[Site "Panevezys, Lithuania"]
[Date "2021.08.01"]
[Round "4.8"]
[White "Voroblievas, Arturas"]
[Black "Sedykh, Mikhail"]
[Result "0-1"]
[WhiteElo "1699"]
[BlackElo "2119"]
[PlyCount "169"]
[EventDate "2021.??.??"]
[TimeControl "90/40+30:0"]
[BlackClock "0:00:46"]

1. e4 g6 2. d4 Bg7 3. Nc3 c6 4. f4 d5 5. e5 Nh6 6. Nf3 Bg4 7. Be2 Nf5 8. Ng5 Bxe2 9. Nxe2 h6 10. Nf3 e6 11. O-O c5 12. c3 cxd4 13. cxd4 Nc6 14. a3 O-O 15.
b4 h5 16. Kh1 Qb6 17. Qd3 Rfc8 18. Bb2 Bf8 19. Rac1 Na5 20. Nd2 a6 21. Ba1 Nc4 22. Nxc4 dxc4 23. Qe4 Rc6 24. Bc3 Qb5 25. Be1 Qd5 26. Qb1 b5 27. Bf2 Bh6 28. Nc3 Qd8 29. Qe4 Rcc8 30. Rfd1 Ne7 31. Bh4 g5 32. fxg5 Nf5 33. d5 Nxh4 34. gxh6 Qg5 35. h7+ Kg7 36. Rf1 Ra7 37. Rc2 Ng6 38. Re2 exd5 39. Nxd5 Kxh7 40. Nf6+ Kg7 41. h4 Qxh4+ 42. Qxh4 Nxh4 43. Nxh5+ Kh6 44. Nf6 c3 45. g3 c2 46. Rc1 Nf5 47. Rh2+ Kg6 48. Rhxc2 Nxg3+ 49. Kg2 Rxc2+ 50. Rxc2 Nf5 51. Rc6 Nd4 52. Rc3 Kf5 53. Re3 Nc6 54. Ne8 Nxe5 55. Nd6+ Ke6 56. Ne4 f5 57. Nc5+ Kd5 58. Rh3 Nc4 59. Kf2 a5 60. Rd3+ Kc6 61. Rf3 axb4 62. axb4 Ra2+ 63. Kg1 Nd6 64. Nd3 Kd5 65. Nc5 Kc4 66. Rf4+ Kc3 67. Ne6 Rb2 68. Ng7 Rxb4 69. Rf3+ Kd2 70. Ne6 Rg4+ 71. Kf1 b4 72. Nc5 Kc2 73. Rf2+ Kc3 74. Rf3+ Kc4 75. Nb3 Rg5 76. Nd2+ Kb5 77. Nb3 Kc4 78. Nd2+ Kd5 79. Rb3 Rg4 80. Rf3 Ne4 81. Nb3 f4 82. Ke2 Rg2+ 83. Kf1 Rg3 84. Ke2 Ng5 85. Kf2 0-1

[Event "Panevezys ELITE Open 2021"]
[Site "Panevezys, Lithuania"]
[Date "2021.08.01"]
[Round "4.9"]
[White "Salna, Aleksandras"]
[Black "Bazevicius, Albertas"]
[Result "1-0"]
[WhiteElo "2166"]
[BlackElo "1867"]
[PlyCount "131"]
[EventDate "2021.??.??"]
[TimeControl "90/40+30:0"]
[WhiteClock "1:33:55"]
[BlackClock "0:09:14"]

1. d4 Nf6 2. Bf4 d5 3. e3 Bg4 4. f3 Bd7 5. c4 c6 6. Nc3 e6 7. e4 Bb4 8. e5 Ng8 9. Qb3 Bxc3+ 10. bxc3 Bc8 11. Bc1 Ne7 12. Ba3 O-O 13. Nh3 Re8 14. Bd3 Ng6 15. O-O f5 16. Qc2 Qh4 17. Nf2 dxc4 18. Bxc4 Kh8 19. g3 Qd8 20. Bd3 Na6 21. Bxa6 bxa6 22. Bc5 Nf8 23. Bxf8 Rxf8 24. Nd3 Rb8 25. Nc5 Rb6 26. Qd3 Qe7 27. Rab1 h5 28. Rb3 Rd8 29. Qe2 Rxb3 30. axb3 Rg8 31. f4 g6 32. h4 Qc7 33. Ra1 Qb6 34. Ra4 Rg7 35.
Qa2 Re7 36. Rb4 Qc7 37. Kf2 Kg7 38. Ke3 Qd8 39. c4 Rc7 40. Kd3 Kf7 41. Kc3 Qe7 42. Qa5 Kg7 43. Rb8 Kh7 44. Nd3 Kg7 45. Qb4 Qd8 46. Qc5 Rb7 47. Rxb7+ Bxb7 48. Qd6 Qa5+ 49. Qb4 Qxb4+ 50. Kxb4 Kf7 51. Nc5 Bc8 52. Ka5 Ke7 53. Nxa6 Kd7 54. Nc5+ Kc7 55. Kb4 Kb6 56. Na4+ Kc7 57. Kc5 Bb7 58. Nc3 Kd7 59. b4 Ke7 60. b5 Kd7 61. bxc6+ Bxc6 62. d5 Bb7 63. Nb5 a5 64. Kb6 exd5 65. Kxb7 dxc4 66. Nc3 1-0

[Event "Panevezys ELITE Open 2021"]
[Site "Panevezys, Lithuania"]
[Date "2021.08.01"]
[Round "4.10"]
[White "Michailov, Andrej"]
[Black "Carlsson, Ludvig"]
[Result "1-0"]
[WhiteElo "1645"]
[BlackElo "2258"]
[PlyCount "73"]
[EventDate "2021.??.??"]
[TimeControl "90/40+30:0"]
[WhiteClock "0:02:45"]
[BlackClock "0:47:19"]

1. d4 Nf6 2. c4 e6 3. Nc3 Bb4 4. Qc2 O-O 5. Bg5 h6 6. Bxf6 Qxf6 7. e3 b6 8. Nge2 Bb7 9. a3 Bxc3+ 10. Nxc3 d6 11. O-O-O Nd7 12. Rg1 Rfd8 13. Bd3 d5 14. cxd5 exd5 15. g4 c5 16. Bf1 cxd4 17. Rxd4 Nc5 18. Bg2 Ne6 19. Rd2 Rab8 20. Bxd5 Rdc8 21. Bxe6 Qxe6 22. Rd4 b5 23. g5 a5 24. gxh6 g6 25. Qd3 Qe8 26. h4 Bf3 27. Qf5 Rb6 28.
Qxf3 b4 29. h5 bxc3 30. b4 Qa4 31. hxg6 Qxa3+ 32. Kd1 Qb3+ 33. Ke2 Qa2+ 34. Kf1 Rxg6 35. Rxg6+ fxg6 36. Qb7 Qb1+ 37. Kg2 1-0